 Dungeon Crawl Stone Soup version 0.26.0-41-g79a4fc7684 (webtiles) character file.

Game seed: 2770001086789569005

735 rel the Sneak (level 7, -1/69 HPs)
             Began as an Octopode Transmuter on Jan 27, 2021.
             Slain by a centaur (6 damage)
             ... on level 6 of the Dungeon.
             The game lasted 00:24:50 (5838 turns).

rel the Sneak (Octopode Transmuter)                 Turns: 5838, Time: 00:24:51

Health: -1/69      AC: 30    Str: 11    XL:     7   Next: 74%
Magic:  10/10      EV:  2    Int: 16    God:
Gold:   228        SH:  0    Dex: 18    Spells: 10/11 levels left

rFire    . . .     SeeInvis .   o - +2 short sword (protect)
rCold    . . .     Faith    .   (no shield)
rNeg     + + +     Spirit   .   (helmet currently unavailable)
rPois    +         Reflect  .   (no amulet)
rElec    .         Harm     .   c - +6 ring of dexterity
rCorr    .         Rampage  .   d - ring of stealth
Will     +....     NoTele   +   g - ring of willpower
Stlth    ++++......             (no ring)
HPRegen  0.21/turn              (no ring)
MPRegen  0.12/turn              (no ring)
                                (no ring)
                                (no ring)

@: tree-form, protection aura
A: almost no armour, stealthy swim, (amphibious), 8 rings, (constrict 8)
a: no special abilities


You were on level 6 of the Dungeon.
You were a tree.
You visited 1 branch of the dungeon, and saw 6 of its levels.

You collected 228 gold pieces.

Inventory:

Hand Weapons
 n - a +2 falchion of holy wrath
 o - a +2 short sword of protection (weapon)
Missiles
 f - an arrow
Jewellery
 c - a +6 ring of dexterity (left branch)
 d - a ring of stealth (right branch)
 g - a ring of willpower (on tentacle)
Scrolls
 a - 2 scrolls of remove curse
 b - a scroll of identify
 e - 4 scrolls of enchant armour
Potions
 p - 2 potions of brilliance


   Skills:
 * Level 3.5 Fighting
 + Level 2.1 Short Blades
 + Level 3.2 Dodging
 + Level 5.6 Stealth
 + Level 5.1 Unarmed Combat
 + Level 2.6 Spellcasting
 + Level 2.8 Transmutations


You had 10 spell levels left.
You knew the following spells:

 Your Spells              Type           Power        Failure   Level
a - Beastly Appendage     Tmut           22%          6%          1

Your spell library contained the following spells:

 Spells                   Type           Power        Failure   Level
 Wereblood                Tmut           11%          10%         2
 Spider Form              Tmut/Pois      3%           32%         3
 Ice Form                 Ice/Tmut       6%           73%         4
 Blade Hands              Tmut           5%           86%         5
 Cause Fear               Hex            1%           89%         4
 Yara's Violent Unravell  Hex/Tmut       3%           97%         5
 Silence                  Hex/Air        1%           99%         5
 Discord                  Hex            1%           100%        8


Dungeon Overview and Level Annotations

Branches:
Dungeon (6/15)             Temple (0/1) D:4

Altars:
Xom
Yredelemnul


Innate Abilities, Weirdness & Mutations

You cannot wear most types of armour.
You are very stealthy in the water. (Stealth+)
((You are amphibious.))
You can wear up to eight rings at the same time.
((You can use your tentacles to constrict eight enemies at once.))
((Your skin changes colour to match your surroundings (Stealth+).))
((Your rubbery body absorbs attacks. (AC +1, EV +1)))


Message History

A centaur is nearby!
You cannot move.
Sorry, you're not good enough to have a special ability.
f - an arrow The centaur unwields a +0 shortbow.
The centaur hits you but does no damage. x2
Casting: Beastly Appendage (safe; 6% risk of failure)
Press: ? - help, Q - select action Dir - look around, f - activate
Okay, then.
Casting: Beastly Appendage (safe; 6% risk of failure)
Press: ? - help, Q - select action Dir - look around, f - activate You are stuck in your current form!
You hit the centaur.
The centaur is lightly wounded.
The centaur hits you but does no damage.
You hit the centaur.
The centaur is moderately wounded.
The centaur hits you but does no damage.
The centaur hits you.
You die...

#........# #........#
### #........# ###..#
#......... ###.....#
#....c....
#.......####.........
.........##.((.......
#........##(#........
#.......♣##.#........
#......c)..#........
#.........###.......
##....<...# ....###
##......## #####
##.....# #####.# #.##
##.#


You could see a centaur.

Vanquished Creatures
  An ice beast (D:5)
  2 centaurs (D:5)
  A water moccasin skeleton (D:4)
  A howler monkey (D:5)
  A hound (D:5)
  A jelly (D:5)
  An iguana (D:5)
  3 orc wizards
  3 worker ants
  4 adders
  2 oozes
  3 worms
  A dart slug (D:1)
  5 leopard geckos
  12 orcs
  A ball python (D:2)
  10 bats
  5 giant cockroaches
  7 goblins
  13 hobgoblins
  5 jackals
  8 kobolds
  A quokka (D:2)
  5 frilled lizards
  A jackal skeleton (D:4)
  A quokka skeleton (D:4)
  2 rats (D:1)
  A spectral orc (D:3)
101 creatures vanquished.

Notes
Turn   | Place    | Note
-------+----------+-------------------------------------------
     0 | D:1      | rel the Octopode Transmuter began the quest for the Orb.
     0 | D:1      | Reached XP level 1. HP: 13/13 MP: 3/3
   182 | D:1      | Reached XP level 2. HP: 11/18 MP: 5/5
   584 | D:1      | Reached XP level 3. HP: 23/23 MP: 6/6
   590 | D:1      | Reached skill level 1 in Stealth
  1718 | D:2      | Reached XP level 4. HP: 27/28 MP: 7/7
  2702 | D:3      | Reached XP level 5. HP: 33/33 MP: 8/8
  2945 | D:3      | Found a basalt altar of Yredelemnul.
  3625 | D:4      | Reached XP level 6. HP: 39/39 MP: 9/9
  3892 | D:4      | Found a staircase to the Ecumenical Temple.
  4114 | D:5      | Entered Level 5 of the Dungeon
  4124 | D:5      | HP: 1/40 [orc wizard/+0 dagger (2)]
  4522 | D:5      | Reached skill level 5 in Unarmed Combat
  4522 | D:5      | Reached XP level 7. HP: 31/45 MP: 10/10
  4631 | D:5      | Reached skill level 1 in Short Blades
  4631 | D:5      | Reached skill level 5 in Stealth
  4722 | D:5      | Found a shimmering altar of Xom.
  5838 | D:6      | Slain by a centaur

Illustrated notes

Levels and vault maps discovered:
D:1:      wander_arrival_desolate, layout_rooms
D:2:      layout_rooms
D:3:      layout_rooms, yredelemnul_forgotten_temple_becter
D:4:      layout_loops_corners, minmay_temple_entry_fiery, fountainhead
D:5:      layout_loops_cross, nicolae_overflow_crystal_walls, minivault_27,
          corexii_checkpoint_b, feat_on_display
D:6:      layout_cave_pods, kennysheep_slug_shrine, kennysheep_little_box

Skill      XL: |  1  2  3  4  5  6  7 |
---------------+----------------------+-----
Stealth        | 2 3 4 5 |  5.6
Unarmed Combat | 4 5 |  5.1
Fighting       | 2 3 |  3.5
Short Blades   | 2 |  2.1
Dodging        | 3 |  3.2
Spellcasting   | |  2.6
Transmutations | |  2.8

Action                   |  1- 3 |  4- 6 |  7- 9 || total
-------------------------+-------+-------+-------++-------
Melee: Unarmed           |    78 |    82 |       ||   160
       Constrict         |    22 |    27 |     6 ||    55
       Tentacles         |    18 |    26 |    11 ||    55
       Kick              |     4 |    11 |     7 ||    22
       Punch             |       |     3 |     1 ||     4
       Short sword       |       |    37 |    50 ||    87
 Cast: Beastly Appendage |     6 |     9 |     6 ||    21
  Use: Scroll            |     1 |    11 |     1 ||    13
       Potion            |     1 |     4 |     1 ||     6
 Stab: Sleeping          |     8 |    10 |     2 ||    20
       Distracted        |       |     1 |       ||     1
Armor: Skin              |    12 |    24 |    12 ||    48
Dodge: Dodged            |    57 |    86 |    30 ||   173
